 Dungeon Crawl Stone Soup version 0.27.1-3-gb3d3a73c9e (webtiles) character file.

Game seed: 16409959724391966072

99 sable the Cudgeller (level 4, -4/42 HPs)
             Began as a Troll Warper on Oct 30, 2021.
             Slain by a gnoll (5 damage)
             ... on level 3 of the Dungeon.
             The game lasted 00:17:59 (1664 turns).

sable the Cudgeller (Troll Warper)                  Turns: 1664, Time: 00:18:01

Health: -4/42      AC:  4    Str: 20    XL:     4   Next: 45%
Magic:  5/5        EV: 10    Int:  9    God:
Gold:   101        SH:  0    Dex: 15    Spells: 1/5 levels left

rFire    . . .     SeeInvis .   a - +0 mace
rCold    . . .     Faith    .   (no shield)
rNeg     . . .     Spirit   .   b - +0 robe
rPois    .         Reflect  .   (helmet restricted)
rElec    .         Harm     .   (no cloak)
rCorr    .         Rampage  .   (gloves unavailable)
Will     .....                  (boots unavailable)
Stlth    +.........             (no amulet)
HPRegen  1.14/turn              p - +6 ring of dexterity
MPRegen  0.09/turn              q - +4 ring of slaying

@: no status effects
A: large, unfitting armour, claws 3, regeneration 1, shaggy fur 1, tough skin 1
a: no special abilities


You were on level 3 of the Dungeon.
You visited 1 branch of the dungeon, and saw 3 of its levels.

You collected 101 gold pieces.

Inventory:

Hand Weapons
 a - a +0 mace (weapon)
 l - a +2 dagger of speed
Missiles
 d - 5 boomerangs of dispersal (quivered)
 e - 36 stones
 m - 6 atropa-tipped darts
Armour
 b - a +0 robe (worn)
 n - a +0 pair of boots
Jewellery
 p - a +6 ring of dexterity (left claw)
 q - a +4 ring of slaying (right claw)
Scrolls
 c - a scroll of blinking
 g - 2 scrolls of identify {unknown}
 i - a scroll of holy word {unknown}
 j - a scroll of fear {unknown}
 k - 2 scrolls of teleportation {unknown}
 o - a scroll of vulnerability {unknown}
Potions
 f - a potion of brilliance {unknown}
 h - 2 potions of magic {unknown}


   Skills:
 + Level 2.1 Fighting
 + Level 3.1 Maces & Flails
 + Level 1.0 Throwing
 + Level 2.2 Dodging
 + Level 1.4 Spellcasting
 + Level 2.5 Translocations


You had one spell level left.
You knew the following spells:

 Your Spells              Type           Power      Damage    Failure   Level
a - Gell's Gravitas       Tloc           2%         N/A       36%         3
b - Summon Small Mammal   Summ           0%         N/A       34%         1

Your spell library contained the following spells:

 Spells                   Type           Power      Damage    Failure   Level
 Blink                    Tloc           N/A        N/A       19%         2
 Lesser Beckoning         Tloc           2%         N/A       36%         3
 Teleport Other           Tloc           5%         N/A       36%         3
 Portal Projectile        Hex/Tloc       4%         N/A       54%         3
 Call Canine Familiar     Summ           0%         N/A       71%         3
 Summon Guardian Golem    Hex/Summ       0%         N/A       71%         3
 Tukima's Dance           Hex            0%         N/A       71%         3
 Passage of Golubria      Tloc           N/A        N/A       77%         4
 Leda's Liquefaction      Hex/Erth       0%         N/A       98%         4
 Manifold Assault         Tloc           5%         N/A       98%         5
 Yara's Violent Unravell  Hex/Tmut       0%         3d3       100%        5


Dungeon Overview and Level Annotations

Branches:
Dungeon (3/15)

Altars:

Shops:
D:2 *


Innate Abilities, Weirdness & Mutations

You are too large for most types of armour.
You have claws for hands.
Your natural rate of healing is unusually fast.
You are covered in fur. (AC +1)
You have tough skin. (AC +1)


Message History

You see here a wand of acid (10).
A gnoll comes into view. It is wielding a +0 halberd.
The endoplasm quivers.
A gnoll comes into view. It is wielding a +0 club.
The gnoll shouts!
The adder bites you. The adder bites you but does no damage.
You miss the adder.
The gnoll hits you from afar with a +0 spear!
The adder bites you.
The gnoll hits you from afar with a +0 spear.
You sock the adder!
You kill the adder!
The gnoll hits you from afar with a +0 spear.
Your Maces & Flails skill increases to level 3!
You hit the endoplasm.
The endoplasm is lightly wounded.
The endoplasm freezes you.
You are frozen.
You barely miss the endoplasm.
The endoplasm is lightly wounded.
The endoplasm freezes you.
You are frozen.
You hit the endoplasm.
You kill the endoplasm!
The gnoll barely misses you.
The gnoll hits you from afar with a +0 halberd.
Found a scroll labelled OGHYLE FODID.
The gnoll hits you from afar with a +0 halberd.
The gnoll closely misses you.
The gnoll hits you from afar with a +0 spear.
You barely miss the gnoll. The gnoll hits you with a +0 halberd.
The gnoll hits you from afar with a +0 halberd!
The gnoll hits you from afar with a +0 spear.
The gnoll closely misses you. The gnoll hits you with a +0 spear.
* * * LOW HITPOINT WARNING * * *
The gnoll hits you with a +0 halberd!
* * * LOW HITPOINT WARNING * * *
The gnoll hits you with a +0 club.
You die...

##.## # #...# #######
#...# # ......# #...#
####.###
#####.###...#####... ..
#####..........g#.##.#
##.............g@....#
##.##..........g#g#..#
##.##.#.......###......#
............#.# ###.##.#
.#.#.#.#...#.# ... ..
#.........g/#.# .##. .#
..#.#.#.#..##?. .# # .
#.......†.......# .#
.#.#.#.#...#...#


You could see 4 gnolls.

Vanquished Creatures
  4 adders
  4 dart slugs
  2 ball pythons
  4 bats
  6 endoplasms
  2 giant cockroaches (D:1)
  8 goblins
  5 hobgoblins
  4 jackals (D:2)
  A quokka (D:1)
  2 frilled lizards (D:1)
  5 kobolds (D:1)
  6 rats
53 creatures vanquished.

Vanquished Creatures (others)
  5 fungi (D:1)
  A withered plant (D:2)
6 creatures vanquished.

Grand Total: 59 creatures vanquished

Notes
Turn   | Place    | Note
-------+----------+-------------------------------------------
     0 | D:1      | sable the Troll Warper began the quest for the Orb.
     0 | D:1      | Reached XP level 1. HP: 19/19 MP: 1/1
   293 | D:1      | Reached skill level 1 in Throwing
   293 | D:1      | Reached XP level 2. HP: 28/28 MP: 3/3
   465 | D:1      | Reached skill level 2 in Maces & Flails
  1082 | D:2      | Found Sorickat's Assorted Antiques.
  1090 | D:2      | Reached XP level 3. HP: 34/35 MP: 4/4
  1188 | D:2      | Learned a level 3 spell: Gell's Gravitas
  1252 | D:2      | Learned a level 1 spell: Summon Small Mammal
  1424 | D:2      | Reached XP level 4. HP: 31/42 MP: 5/5
  1466 | D:2      | Found a faded altar of an unknown god.
  1649 | D:3      | Reached skill level 3 in Maces & Flails
  1664 | D:3      | HP: 1/42 [gnoll (9)]
  1664 | D:3      | Slain by a gnoll

Illustrated notes

Levels and vault maps discovered:
D:1:      dpeg_arrival_prison, layout_basic, minmay_misc_feat_rows
D:2:      layout_rooms, serial_shops, shop, ebering_ecumenical_altar_petrified
D:3:      layout_loops_cross, mainiacjoe_overflow_cross_hatched, serial_glass,
          glass_columns_c, glass_columns_c

Skill      XL: |  1  2  3  4 |
---------------+-------------+-----
Throwing       | 1 |  1.0
Dodging        | 2 |  2.2
Maces & Flails | 2 3 |  3.1
Fighting       | 2 |  2.1
Spellcasting   | |  1.4
Translocations | |  2.5

Action                   |  1- 3 |  4- 6 || total
-------------------------+-------+-------++-------
Melee: Mace              |   173 |    21 ||   194
Armor: Robe              |    88 |     5 ||    93
Dodge: Dodged            |    99 |    13 ||   112
